[Event "Budapest One Week IM-B 03-2025"]
[Site "Budapest"]
[Date "2025.03.18"]
[Round "2.1"]
[White "Pribelszky, Bence"]
[Black "Jing, Andrew"]
[Result "1-0"]
[Annotator "TA"]
[ECO "A48"]
[WhiteElo "2400"]
[BlackElo "2198"]
[PlyCount "119"]
[EventDate "2025.03.17"]
[EventType "tourn"]
[EventCountry "HUN"]
[SourceTitle "playchess.com"]
[Source "ChessBase"]
[SourceQuality "1"]
[TimeControl "5400+30"]

1. Nf3 Nf6 2. d4 g6 3. Nbd2 d5 4. b3 Bg7 5. Bb2 O-O 6. e3 Bf5 7. h3 {[%emt 0:09:46] D04: Colle System.} a5 8. a3 c6 9. Be2 $146 {[%emt 0:00:35][%cal Bf1e2,Be2f3,Bf3g2][%mdl 32] The position is equal.} (9. c4 Ne4 10. Be2 Nxd2 11. Qxd2 Qb6 12. Qc3 Be4 13. O-O Bxf3 14. Bxf3 e6 15. Rab1 {1-0 Nakamura,H (2775)-Dreev,A (2667) Wch Blitz 8th 2014 (21)}) 9... a4 10. b4 (10. c4 $142) 10... Nbd7 (10... b5 $11) 11. g4 Be4 12. c4 Bxf3 13. Bxf3 Nb6 14. c5 Nbd7 15. Bg2 Ne8 16. f4 e6 {[%emt 0:01:51] White has space advantage and is better} 17. h4 f5 {[%emt 0:00:49] [#]} ({Better is} 17... b6) 18. g5 $1 $16 h6 19. gxh6 Bxh6 20. Qe2 Rf7 21. O-O-O Rg7 22. Bf3 Kh7 23. Rdg1 Nc7 24. Qh2 Rc8 (24... Ne8 $16 25. Bd1 Nef6) 25. Bd1 $18 Qe7 26. Nf3 Nf8 (26... Rh8 27. Bxa4 Ne8) 27. Ng5+ Bxg5 28. Rxg5 Kg8 29. h5 Rh7 30. Qg2 Ne8 31. hxg6 (31. Bxa4 Nf6 32. hxg6 Rxh1+ 33. Qxh1 Kg7 $16) 31... Rxh1 32. Qxh1 Qf6 {[%emt 0:04:24] Wards off g7} (32... Kg7 {was worth a try.} 33. Rh5 (33. Bxa4 Nf6 $18) 33... Nf6) 33. Bc3 (33. Bxa4 Qh8 34. Qg1 Rc7) (33. g7 $142 Nxg7 34. Rg1 (34. Bxa4 Ng6 $18)) 33... Rc7 34. Be1 $40 {[%emt 0:03:08][%mdl 128] White has strong attack.} Rg7 35. Bh5 Nxg6 36. Qg1 Kh7 37. Rg2 Nc7 38. Bd1 Nb5 $2 (38... Ne8 39. Bxa4 Kg8) 39. Kb2 ({Not} 39. Bxa4 Nxa3 40. Qh1+ Kg8 $16) (39. Qh2+ $142 Kg8 40. Qh6 (40. Bxa4 Nxa3 41. Qh6 Nc4 $14)) 39... Nc7 40. Bxa4 Ne8 41. Bd1 Qf7 42. a4 Nf6 43. b5 cxb5 44. axb5 Qd7 45. Be2 Ne4 46. Ba5 Qe8 47. Kb3 Qa8 48. Bb4 Qe8 49. Qa1 Kh8 50. Qa5 Kh7 (50... Nf6 $142 51. Qb6 Nd7) 51. Bh5 Qd7 52. Qb6 (52. Bxg6+ $142 Rxg6 53. c6) 52... Ne7 53. Rxg7+ Kxg7 54. Be2 Kf7 55. Qa7 {[%emt 0:00:21][%cal Oc5c6] Strongly threatening c6!.} Qc8 {[%emt 0:00:47] [#]} (55... Nf6 $142 56. c6 Nxc6 57. bxc6 Qxc6) 56. c6 $1 Nxc6 57. bxc6 Qxc6 58. Qb8 {[%emt 0:00:55] White wants to mate with Qf8+.} Kg6 59. Qg8+ Kf6 60. Qh8+ {[%emt 0:00:27] Weighted Error Value: White=0.47/Black=0.69  Mistake:       	White=3     	Black=8      Inaccurate:     	White=1     	Black=3      OK:         	White=22    	Black=15     Brilliant:      	White=1     	---} 1-0

[Event "Budapest One Week IM-B 03-2025"]
[Site "Budapest"]
[Date "2025.03.18"]
[Round "2.2"]
[White "Turcsanyi, Vince Gergo"]
[Black "Varga, Zoltan"]
[Result "0-1"]
[Annotator "TA"]
[ECO "C41"]
[WhiteElo "2285"]
[BlackElo "2305"]
[PlyCount "74"]
[EventDate "2025.03.17"]
[EventType "tourn"]
[EventCountry "HUN"]
[SourceTitle "playchess.com"]
[Source "ChessBase"]
[SourceQuality "1"]
[TimeControl "5400+30"]

1. e4 d6 2. d4 Nf6 3. Nc3 e5 4. Nf3 Nbd7 5. Be2 c6 6. a4 Be7 7. O-O O-O 8. Re1 Re8 {[%emt 0:00:51] C41: Philidor Defence.} 9. dxe5 $146 (9. a5) (9. a5 exd4 10. Nxd4 Bf8 11. Bf1 Nc5 12. f3 d5 13. e5 Nfd7 14. f4 f6 15. e6 Nb8 16. f5 {1-0 Duda,J (2732)-Sanal,V (2567) Titled Tuesday intern op 13th Feb Early blitz 2024 (7)}) 9... dxe5 $11 10. Bc4 Bb4 {[%emt 0:03:43] The position is equal.} 11. Qe2 {[%emt 0:18:52] [#] And now Ng5 would win.} Qe7 12. Nh4 (12. Ng5 $5 Rf8 $8 13. a5 $11) 12... Nc5 13. Nf5 Bxf5 14. exf5 Rad8 15. Bg5 h6 16. Bh4 ({Better is} 16. Be3 $15) 16... Rd4 $17 17. g3 Red8 {[%emt 0:12:18][%cal Od4h4] Black is more active.} 18. Red1 Bxc3 19. bxc3 Rxd1+ 20. Rxd1 Rxd1+ (20... Nxa4 21. Bxf6 (21. Rxd8+ Qxd8 22. Qxe5 Nb6 $16) 21... Qxf6 (21... Rxd1+ 22. Qxd1 gxf6 23. Qg4+ Kh8 24. Bxf7 $16) 22. Rxd8+ Qxd8 23. Qxe5 $11) 21. Qxd1 Nce4 ({Of course not} 21... Nxa4 $6 22. Bxf6 gxf6 (22... Qxf6 23. Qd7 $14) 23. Qg4+ Kh7 24. Bxf7 Qxf7 25. Qxa4 $11) 22. Bxf6 Nxf6 {[%emt 0:00:24][%mdl 4096] Endgame KQB-KQN} 23. Qd3 b6 24. Bb3 Nd7 (24... e4 $15 25. Qd2 Ng4) 25. Qa6 $11 Nf8 26. Qc8 c5 27. Qb8 e4 $1 {[%emt 0:00:12] aiming for ...e3.} 28. Kg2 $2 (28. Qf4 $11) 28... e3 $19 29. fxe3 c4 $1 (29... Qxe3 30. c4 $17) 30. Ba2 Qe4+ (30... Qxe3 31. Qf4 Qe2+ (31... Qxc3 32. Qxc4 Qd2+ 33. Kh3 $11) 32. Kh3 $17) 31. Kf1 {[%emt 0:00:28] [#]} Qf3+ ({Not} 31... Qxc2 32. Bxc4 Qxa4 (32... Qxh2 33. Qe5 $15) (32... Qxf5+ 33. Qf4 $15) 33. Be2 $17) (31... Qxe3 32. Qf4 Qxc3 33. Qxc4 Qf3+ 34. Ke1 Qxf5 35. Kd2 $17) 32. Ke1 Qxe3+ 33. Kd1 Qxc3 34. Bb1 (34. Qxa7 $142 Qa1+ 35. Kd2 Qxa2 36. Qa6) 34... Qb2 35. Qxa7 Qxb1+ 36. Kd2 Qb4+ 37. Kc1 c3 {[%emt 0:00:20] Weighted Error Value: White=1.01/Black=0.04 (flawless)   Loses game:     	White=1     	---        Mistake:       	White=3     	Black=1      Inaccurate:     	White=4     	---        OK:         	White=8     	Black=13     Best:        	White=2     	Black=2      Strong:       	---       	Black=2} 0-1

[Event "Budapest One Week IM-B 03-2025"]
[Site "Budapest"]
[Date "2025.03.18"]
[Round "2.3"]
[White "Venkatesh, Narayan"]
[Black "Kustar, Sandor"]
[Result "1-0"]
[Annotator "TA"]
[ECO "E42"]
[WhiteElo "2203"]
[BlackElo "2231"]
[PlyCount "59"]
[EventDate "2025.03.17"]
[EventType "tourn"]
[EventCountry "HUN"]
[SourceTitle "playchess.com"]
[Source "ChessBase"]
[SourceQuality "1"]
[TimeControl "5400+30"]

1. d4 Nf6 2. c4 e6 3. Nc3 Bb4 4. e3 c5 5. Nge2 cxd4 6. exd4 O-O 7. a3 Be7 8. d5 exd5 9. cxd5 Re8 10. d6 Bf8 11. g3 b6 12. Bg2 Nc6 13. O-O Ba6 {[%emt 0:08:38] E42: Nimzo-Indian: Rubinstein: 4...c5 5 Ne2.} 14. Re1 Rc8 15. Be3 $146 ({White should try} 15. Bf4 $14) ({Predecessor:} 15. Bf4 Ne5 16. Qa4 Bc4 17. b3 Bxe2 18. Rxe2 Nd3 19. Rxe8 Nxe8 {½-½ Sturua,Z (2595)-Polak,T (2500) Biel MTO op 1998 (11)}) 15... Ng4 $11 {[%emt 0:10:17] The position is equal.} 16. Bf4 (16. Nf4 $11 {remains equal.} Nxe3 17. fxe3) 16... Qf6 (16... g5 $17 17. Bd2 Qf6) 17. h3 {[%emt 0:14:33] A sharp opening} Nge5 {[%emt 0:01:25] and ...Nd3 should not be overlooked} 18. Nd5 $132 {[%emt 0:09:01][%mdl 2048] White is not holding back} Qxd6 19. Nec3 Qg6 20. b4 {[#] Hoping for b5.} Bc4 21. b5 Nd3 (21... Bb3 $1 $11 22. Qb1 (22. Qxb3 Nd4 $14) 22... Bxd5 23. Nxd5 Nd3 24. Rxe8 Rxe8) 22. Rxe8 $16 Rxe8 23. bxc6 {[%emt 0:01:03] White plays on the queen side and is better} dxc6 ({Avoid the trap} 23... Re1+ $2 24. Qxe1 Nxe1 25. cxd7 (25. Rxe1 dxc6 26. Ne7+ Bxe7 $16) 25... Nxg2 26. d8=Q $18 (26. d8=B $2 {too greedy.} Nxf4 27. Nxf4 Qc6 $19)) 24. Ne3 Ba6 {[%emt 0:05:54] [#]} 25. Qa4 $1 Qf6 26. Qxa6 {[%emt 0:04:12] White is clearly better.} Qxc3 27. Rd1 Nxf4 28. gxf4 Bxa3 (28... Qb3 $16 {keeps fighting.}) 29. Qxa7 $18 Bc5 30. Qd7 {[%emt 0:01:04] Weighted Error Value: White=0.11 (very precise) /Black=0.19 (very precise)   Mistake:       	White=2     	Black=3      OK:         	White=10    	Black=6      Best:        	White=2     	---        Strong:       	White=1     	---} 1-0

[Event "Budapest One Week IM-B 03-2025"]
[Site "Budapest"]
[Date "2025.03.18"]
[Round "2.4"]
[White "Shah, Vishwa"]
[Black "Luebke, Florentin"]
[Result "1-0"]
[Annotator "TA"]
[ECO "B23"]
[WhiteElo "2172"]
[BlackElo "2233"]
[PlyCount "109"]
[EventDate "2025.03.17"]
[EventType "tourn"]
[EventCountry "HUN"]
[SourceTitle "playchess.com"]
[Source "ChessBase"]
[SourceQuality "1"]
[TimeControl "5400+30"]

1. e4 c5 2. Nc3 d6 3. d4 cxd4 4. Qxd4 Nc6 5. Qd2 g6 6. b3 {[%emt 0:00:35] B23: Closed Sicilian: Lines without g3.} Bh6 7. f4 Nf6 8. Bb2 {[%emt 0:00:07] The position is equal.} O-O 9. O-O-O Re8 10. Kb1 a5 $146 (10... e5 $14) (10... a6 11. Qf2 Bg4 12. Re1 Bc8 13. Qh4 Bg7 14. Nf3 e5 15. Bc4 b5 16. fxe5 dxe5 {1-0 Mohit,K (1884)-Pande,G (1699) New Delhi Matrix Cup 4th 2025 (6)}) 11. a4 Nb4 12. Nf3 Nh5 13. Ng5 Bg4 14. Re1 (14. Bc4 $1 $16 Rf8 15. Rde1) 14... e5 {[%emt 0:11:00] White now steadily converts the win.} (14... Rc8 $1 $11) 15. Bc4 $36 {[%emt 0:00:30][%mdl 2048] White is in control.} Be6 (15... Bxg5 $16 16. fxg5 Be6) 16. Nxe6 $18 fxe6 17. Rd1 exf4 18. Qxd6 Qxd6 19. Rxd6 Kf7 $2 (19... Bg7 20. Nb5 (20. Rxe6 Rxe6 21. Bxe6+ Kf8 $18) (20. Bxe6+ Kf8 $18) 20... Bxb2) 20. Nb5 Nf6 21. Bxf6 Kxf6 {[%emt 0:00:15] Black is weak on the light squares} 22. Nc7 Bf8 23. Nxe8+ Rxe8 24. Rb6 Bc5 (24... Nc6 {keeps fighting.} 25. Rf1 (25. Rxb7 Ne5 $18) 25... g5 26. Rxb7 Ne5) 25. Rxb7 Bd4 26. Rd1 Ke5 27. Bd3 Nxd3 28. cxd3 {[%emt 0:00:01][%mdl 4096] Endgame KRR-KRB} (28. Rxd3 Kxe4 29. Rxh7 Rf8 $18) 28... Be3 29. Rb5+ (29. Rxh7 Rb8 30. Ka2 Rc8 $16) 29... Kd4 30. Rxa5 g5 31. Rxg5 f3 32. Rg7 f2 33. Kb2 (33. Rxh7 Rf8 $18) 33... Bd2 34. Rf7 {[%emt 0:04:09] Dodges Rf8} (34. Rxd2 $2 f1=Q (34... f1=R $2 {is the wrong capture.} 35. Rxh7 Rc8 36. Rd7+ Ke3 37. Rc2 $18) 35. Rc2 Kxd3 (35... Qxd3 $2 36. Rd7+ Kxe4 37. Rc4+ Ke3 38. Rc3 $18) 36. Rxh7 Qf6+ (36... Kxe4 $2 37. g3 $19) 37. Kb1 Qf1+ (37... Kxe4 $2 38. Rh4+ Ke5 39. g3 $19) 38. Kb2 Kxe4 39. Rh4+ Kf5 $19) ({Not} 34. Rxh7 Rf8 35. Rd7+ (35. Rxd2 $2 f1=Q $19) 35... Ke3 $11) (34. Rd7+ Ke3 $16) 34... Bc3+ 35. Kc2 Be1 36. Rf3 (36. Rxh7 f1=Q (36... f1=R 37. Rc7 $15) 37. Rc7 Qf2+ (37... Qxg2+ $2 38. Kc1 $19) 38. Kc1 Qf4+ 39. Kb2 Qxc7 $19) 36... Rg8 37. g3 h5 38. Ra1 h4 {[%emt 0:00:36] [#]} 39. gxh4 (39. g4 $1 $18) 39... Rg1 $2 {[%emt 0:00:48][%mdl 8192] [#]} (39... Rg2 $11 40. Kd1 Bc3) 40. Rxf2 $3 Bxf2 (40... e5 41. Re2) 41. Rxg1 Bxg1 {[%emt 0:00:06] KB-KP} 42. b4 Bxh2 43. h5 {[%emt 0:00:13][%cal Bh4h5,Bh5h6,Bh6h7][%mdl 32] White wants to mate with h6.} Ke5 44. Kc3 {[%emt 0:02:10] a5 is the strong threat.} Kd6 45. h6 {[%emt 0:01:23] White mates.} Bf4 46. h7 Be5+ 47. Kc4 Kc6 48. d4 Bg7 49. e5 Kb6 50. a5+ Kb7 51. Kb5 Kc7 52. a6 Kb8 53. Kc6 Ka7 54. b5 Kb8 55. Kd7 {[%emt 0:00:06] Weighted Error Value: White=0.23 (precise) /Black=0.55  Loses game:     	---       	Black=1      Mistake:       	White=1     	Black=5      Inaccurate:     	White=1     	Black=4      OK:         	White=15    	Black=14     Best:        	White=3     	---        Brilliant:      	White=1     	---} 1-0

[Event "Budapest One Week IM-B 03-2025"]
[Site "Budapest"]
[Date "2025.03.18"]
[Round "2.5"]
[White "Ongut, Tamas Gunes"]
[Black "Mrithyunjay Mahadevan"]
[Result "1-0"]
[Annotator "TA"]
[ECO "A04"]
[WhiteElo "2290"]
[BlackElo "2295"]
[PlyCount "91"]
[EventDate "2025.03.17"]
[EventType "tourn"]
[EventCountry "HUN"]
[SourceTitle "playchess.com"]
[Source "ChessBase"]
[SourceQuality "1"]
[TimeControl "5400+30"]

1. Nf3 c5 2. c4 Nc6 3. Nc3 g6 4. e3 Nf6 5. d4 cxd4 6. exd4 d5 7. cxd5 Nxd5 8. Qb3 Nxc3 9. Bc4 Nd5 10. Bxd5 e6 11. Bxc6+ bxc6 12. O-O Bg7 13. Bg5 {[%emt 0:03:08] A35: Symmetrical English: 2 Nc3 Nc6 3 Nf3.} Qd6 {[%emt 0:00:43][%cal Oa8b8] Black is weak on the dark squares} 14. Rac1 O-O 15. Qe3 {[%emt 0:02:14] White is slightly better.} Bb7 $146 (15... Re8 16. Rc5 a5 17. Rfc1 Bb7 18. h4 a4 19. h5 f6 20. Bh6 Re7 21. Bxg7 Rxg7 {½-½ Aloma Vidal,R (2405)-Khamrakulov,I (2388) Catalunya-chT Gp1 2025 (4.3)}) 16. Rc5 f6 17. Bf4 Qd7 18. h4 Rfe8 19. Bh6 Bh8 20. Re1 Rad8 21. Qb3 Qf7 22. Re3 {[%emt 0:02:36] White is much more active.} Rd5 23. Qa3 Bg7 ({Better is} 23... a6) 24. Bxg7 $16 Kxg7 25. Rxd5 cxd5 26. Qxa7 Ra8 27. Qb6 Rxa2 (27... Ra6 $16 28. Qb3 Qc7) 28. Rc3 (28. Qxe6 Qxe6 29. Rxe6 Rxb2 $11) (28. Rxe6 Ra6 29. Qxa6 Bxa6 30. Rxa6 Qb7 $15) 28... Ra6 29. Qc7 Ba8 {[%emt 0:01:35] [#]} 30. Ng5 $1 Qxc7 (30... fxg5 $2 31. Qe5+ Kg8 32. Rc8+ $18 (32. Qxg5 Bc6 $17)) 31. Rxc7+ {[%emt 0:00:08][%mdl 4096] Endgame KRB-KRN} Kg8 32. Nxh7 e5 33. dxe5 ({White should play} 33. Kf1) 33... fxe5 34. Ng5 d4 35. Rd7 Bc6 (35... Kf8 $142) 36. Rd6 Bb5 $2 {[%emt 0:00:27] Loses the game.} (36... Kg7 $16 37. f4 exf4 38. Ne6+ (38. Rxd4 Ra1+ 39. Kh2 Re1 $18) 38... Kh6 39. Nxf4 (39. Nxd4 Ra1+ 40. Kf2 Bb7 $16) 39... Ra1+ 40. Kf2 Rc1 41. Rxg6+ (41. Nxg6 Rc2+ 42. Ke1 Bxg2 $16) 41... Kh7) 37. Rxa6 $18 Bxa6 {[%emt 0:00:06] KB-KN. White is a pawn up.} 38. Nf3 d3 $2 (38... Kf7 39. Nxe5+ Kf6) 39. Nd2 {[%emt 0:00:09] White is clearly winning.} (39. Nxe5 $2 {is the wrong capture.} d2 40. Kh2 d1=Q $19 (40... d1=R $2 41. Nxg6 Rb1 42. Kg3 $19)) 39... Kg7 40. f3 Kh6 41. Kf2 g5 42. hxg5+ Kxg5 43. g3 Bb5 44. Ke3 Kf5 45. Ne4 Ke6 {[%emt 0:00:32] Wards off Nd6} 46. Nc5+ {[%emt 0:00:37] Weighted Error Value: White=0.20 (precise) /Black=0.60  Loses game:     	---       	Black=1      Mistake:       	White=2     	Black=4      Inaccurate:     	---       	Black=1      OK:         	White=13    	Black=7      Best:        	White=5     	Black=4} 1-0

[Event "Budapest One Week IM-B 03-2025"]
[Site "Budapest"]
[Date "2025.03.18"]
[Round "3.1"]
[White "Mrithyunjay Mahadevan"]
[Black "Pribelszky, Bence"]
[Result "1/2-1/2"]
[Annotator "TA"]
[ECO "A05"]
[WhiteElo "2295"]
[BlackElo "2400"]
[PlyCount "126"]
[EventDate "2025.03.17"]
[EventType "tourn"]
[EventCountry "HUN"]
[SourceTitle "playchess.com"]
[Source "ChessBase"]
[SourceQuality "1"]
[TimeControl "5400+30"]

1. Nf3 Nf6 2. b3 b6 3. Bb2 Bb7 4. e3 g6 5. d4 Bg7 6. Bd3 O-O 7. Nbd2 {[%emt 0:00:25] 7.0-0 injects fresh life into this line.} d6 8. O-O {[%emt 0:01:12] A47: 1 d4 Nf6 2 Nf3 b6: Torre, London and Colle Systems.} Nbd7 9. Re1 Re8 10. e4 e5 11. d5 Nh5 $146 (11... a5 12. a3 Rf8 13. b4 h6 14. Nc4 Nh5 15. bxa5 bxa5 16. a4 Nf4 17. Bc3 f5 18. Nxa5 {0-1 Lopez Mulet,I (2401)-Costachi,M (2476) Titled Tuesday intern op 14th Mar Early blitz 2023 (4)}) 12. b4 Bh6 13. c4 a5 14. a3 Rf8 15. Bc3 f5 16. bxa5 Nf4 17. Bf1 Nc5 18. exf5 gxf5 19. Nb3 Ne4 20. Bb4 Kh8 (20... c5 $11) 21. axb6 cxb6 (21... c6 $14) 22. Nbd2 (22. a4 $16) 22... Nc5 $14 23. Qc2 {[%emt 0:03:47] Prevents Ncd3.} Bg7 24. Bc3 Na4 $1 25. g3 Ng6 {[%emt 0:01:31][%cal Ob6b5][%mdl 1024] Black has compensation.} (25... Nxc3 $5 26. Qxc3 e4 $11) 26. Rad1 Bc8 27. Ba1 Nc5 28. Bb2 (28. Nb3 $11) 28... Bd7 (28... f4 {keeps more tension.} 29. Bd3 Kg8 30. Bxg6 hxg6 31. Qxg6 Bf5) 29. Rb1 Rf7 30. Qc1 ({White should play} 30. Nb3 $11) 30... f4 $15 31. h4 (31. Bc3 $15) 31... fxg3 $19 32. fxg3 Bh6 {[%emt 0:01:52][%cal Of7f3] Repels Ng5} 33. Qd1 (33. Qc3 Bf5 34. Rbc1) 33... Qg8 $2 (33... Bg4 34. Nxe5 Nxe5 (34... Bxd1 $2 35. Nxf7+ Kg8 36. Nxd8 $18) (34... Rxf1+ $2 35. Nxf1 Bxd1 36. Nf7+ Kg8 37. Nxd8 $18) 35. Qxg4 $14) (33... Bxd2 $19 34. Nxe5 (34. Nxd2 $2 Qf6 $19) 34... Nxe5 35. Qxd2 Rc8 36. Rxe5 (36. Bxe5+ dxe5 37. Rxe5 Qf6 $17) 36... dxe5) 34. Bg2 (34. Ng5 $15) 34... Bg4 (34... Bf5 $17 35. Nf1 Raf8) 35. Nf1 $2 (35. Ne4 $2 Bxf3 (35... Nxh4 $2 36. Nxe5 dxe5 37. Bxe5+ Bg7 38. Qxg4 $17) 36. Bxf3 Nxh4 $19) ({Only move:} 35. h5 $1 $15) 35... Raf8 (35... Nxh4 36. Nxe5 dxe5 (36... Rxf1+ $2 37. Kxf1 dxe5 38. Bxe5+ Bg7 39. Qxg4 $18) 37. Bxe5+ Bg7 38. Qxg4 Nxg2 39. Kxg2 $14) 36. N1h2 (36. Rxe5 Nxe5 37. Nxe5 dxe5 (37... Bxd1 38. Nxf7#) (37... Rxf1+ 38. Bxf1 dxe5 39. Bxe5+ Bg7 40. Qd4 $17) 38. Bxe5+ Bg7 39. Qd4) 36... Bf5 $2 (36... Rxf3 $19 37. Nxf3 Bxf3 (37... Nxh4 $2 38. Nxe5 dxe5 39. Bxe5+ Bg7 40. Qxg4 $18) 38. Bxf3 Nxh4) 37. h5 (37. Bc1 $17 Nf4 (37... Bxb1 38. Bxh6 Bd3 39. Ng5 $14) (37... Bxc1 38. Rxc1 Nd3 39. Ng5 $17) 38. gxf4 Bxb1 39. fxe5 Bxc1 40. Qxc1) 37... Bxb1 38. Qxb1 Ne7 (38... Nh4 $19 39. Nxe5 dxe5 40. Rxe5 Nxg2 (40... Qxg3 $2 41. Rg5+ Bg7 42. Rxg3 $18) 41. Rg5+ Rg7 (41... Bg7 $2 42. Rxg7 Rxg7 43. h6 $18)) 39. Nxe5 $11 dxe5 40. Rxe5 Bg7 {[%emt 0:00:57][%cal Og7f6] Strongly threatening ...Bf6!.} 41. Rg5 $2 (41. d6 $1 $11 Nf5 42. Bd5) 41... h6 $19 42. Rg4 Qh7 $1 43. Bxg7+ Rxg7 44. Qxb6 Nd7 {[%emt 0:01:12] Excellent horsemanship.} 45. Qe6 (45. Qb2 {might work better.} Rb8 46. Qxg7+ Qxg7 47. Rxg7 Kxg7 48. Nf3) 45... Qb1+ 46. Nf1 Qb6+ (46... Rxg4 $142 47. Qxg4 Qb6+ 48. Kh1 Nf5) 47. Qxb6 Nxb6 48. Rxg7 Kxg7 49. d6 (49. Nd2 $142) 49... Nf5 50. c5 Na4 51. g4 Nh4 52. c6 Nxg2 53. Kxg2 Kf6 54. Ne3 Ke6 55. Nf5 Nb6 (55... Kd5 56. c7 Ke6 (56... Nb6 $2 57. d7 $18) 57. Nxh6 Kxd6 58. g5 $15) 56. d7 Nd5 (56... Kd5 57. c7 (57. Nxh6 Kxc6 58. g5 Nd5 $17) 57... Nxd7 58. Ne7+ (58. Nxh6 $2 Rc8 $19) 58... Ke4 59. c8=Q (59. c8=B Ne5 $17) (59. c8=R Rxc8 60. Nxc8 Kf4 $18) 59... Rxc8 60. Nxc8 $18) 57. Nxh6 {[%emt 0:00:48] [#]} Ne7 {[%emt 0:00:27] Inhibits Nf5.} (57... Kd6 $2 58. d8=Q+ (58. Nf7+ Kxc6 59. d8=Q Rxd8 $18) 58... Rxd8 59. Nf7+ Kxc6 60. Nxd8+ $18) 58. g5 Nxc6 59. g6 {[%emt 0:00:17] g7 is the strong threat.} Ne7 60. g7 Rd8 61. Ng4 Kf7 (61... Kxd7 62. h6 Nf5 (62... Ke6 $2 63. h7 $18) 63. Nf6+ Kc6 64. h7 (64. g8=R Rd2+ 65. Kf1 Nxh6 $14) 64... Nxg7 65. Ng8 Rd2+ 66. Kg1 Rd1+ 67. Kg2 Rd2+ 68. Kh3 $11) 62. h6 {[%emt 0:00:09] [#]} Nf5 $2 (62... Rxd7 $2 {loses.} 63. Ne5+ Kg8 64. Nxd7 $18) ({Black should play} 62... Nd5 $1 $19 63. Kf3 Kg8) 63. Kf3 $11 {[%emt 0:01:16] [#]} (63. Ne5+ $2 Kg8 64. Ng4 Ne7 65. Nf6+ Kf7 $19) 63... Nxh6 $1 {[%emt 0:00:28] Weighted Error Value: White=0.56/Black=0.43  Loses game:     	White=2     	---        Missed win:     	---       	Black=4      Mistake:       	White=10    	Black=4      Inaccurate:     	White=5     	Black=3      OK:         	White=19    	Black=18     Best:        	White=1     	Black=3      Strong:       	---       	Black=2} 1/2-1/2

[Event "Budapest One Week IM-B 03-2025"]
[Site "Budapest"]
[Date "2025.03.18"]
[Round "3.2"]
[White "Luebke, Florentin"]
[Black "Ongut, Tamas Gunes"]
[Result "1/2-1/2"]
[Annotator "NA RC"]
[ECO "B30"]
[WhiteElo "2233"]
[BlackElo "2290"]
[PlyCount "59"]
[EventDate "2025.03.17"]
[EventType "tourn"]
[EventCountry "HUN"]
[SourceTitle "playchess.com"]
[Source "ChessBase"]
[SourceQuality "1"]
[TimeControl "5400+30"]

1. e4 c5 2. Nf3 Nc6 3. Bc4 e6 4. O-O a6 5. Re1 b5 6. Bf1 Bb7 7. c3 d5 8. exd5 Qxd5 9. d4 Bd6 10. dxc5 Qxd1 11. Rxd1 Bxc5 12. b4 Bb6 13. a4 bxa4 14. Rxa4 Nf6 15. c4 O-O 16. Bg5 Rfd8 17. Rxd8+ Rxd8 18. Nbd2 h6 19. Be3 Bxe3 20. fxe3 Ng4 21. b5 axb5 22. cxb5 Nce5 23. Rd4 Rc8 24. Nxe5 Nxe5 25. Be2 Kf8 26. Nf3 Nxf3+ 27. gxf3 Ke7 28. e4 e5 29. Rd2 Rc3 30. Kf2 1/2-1/2

[Event "Budapest One Week IM-B 03-2025"]
[Site "Budapest"]
[Date "2025.03.18"]
[Round "3.3"]
[White "Kustar, Sandor"]
[Black "Shah, Vishwa"]
[Result "1/2-1/2"]
[Annotator "NA RC"]
[ECO "A58"]
[WhiteElo "2231"]
[BlackElo "2172"]
[PlyCount "45"]
[EventDate "2025.03.17"]
[EventType "tourn"]
[EventCountry "HUN"]
[SourceTitle "playchess.com"]
[Source "ChessBase"]
[SourceQuality "1"]
[TimeControl "5400+30"]

1. d4 Nf6 2. c4 c5 3. d5 b5 4. cxb5 a6 5. bxa6 g6 6. Nc3 Bg7 7. Nf3 O-O 8. e4 Qa5 9. Bd2 Bxa6 10. Bxa6 Qxa6 11. Qe2 e6 12. Qxa6 Nxa6 13. dxe6 fxe6 14. O-O Nb4 15. a4 Nd3 16. b3 Rfb8 17. Rab1 Rb4 18. Ne1 Nxe1 19. Rfxe1 c4 20. e5 Ng4 21. bxc4 Rxb1 22. Rxb1 Nxe5 23. Be1 1/2-1/2